 Dungeon Crawl Stone Soup version 0.19.5 (webtiles) character file.

1959 Hybris the Carver (level 9, -3/83 HPs)
             Began as a Hill Orc Fighter on Apr 2, 2017.
             Was a Believer of Beogh.
             Killed by divine providence
             ... invoked by an orc priest
              (14 damage)
             ... on level 9 of the Dungeon.
             The game lasted 00:17:25 (5774 turns).

Hybris the Carver (Hill Orc Fighter)                Turns: 5774, Time: 00:17:27

Health: -3/83      AC: 11    Str: 27    XL:     9   Next: 19%
Magic:  9/9        EV:  7    Int: 10    God:    Beogh [**....]
Gold:   302        SH: 10    Dex: 10    Spells: 1 memorised, 7 levels left

rFire  . . .     SeeInvis +     a - +0 long sword
rCold  . . .     Gourm    +     b - +0 scale mail
rNeg   . . .     Faith    .     c - +0 shield
rPois  .         Spirit   .     x - +3 crown of Dyrovepreva {rElec Int+2 SInv}
rElec  +         Reflect  .     (no cloak)
rCorr  .         Harm     .     m - +0 pair of gloves
MR     +....                    (no boots)
Stlth  ..........               w - amulet of the gourmand
                                (no ring)
                                g - ring of protection from magic

@: mighty
A: no striking features
a: Smiting, Renounce Religion


You were on level 9 of the Dungeon.
You worshipped Beogh.
Beogh was pleased with you.
You were very full.

You visited 1 branch of the dungeon, and saw 7 of its levels.

You collected 302 gold pieces.

Inventory:

Hand Weapons
 a - a +0 long sword (weapon)
Armour
 b - a +0 scale mail (worn)
 c - a +0 shield (worn)
 k - a +2 helmet
 m - a +0 pair of gloves (worn)
 x - the +3 crown of Dyrovepreva (worn) {rElec Int+2 SInv}
   (You found it on level 5 of the Dungeon)

   It affects your intelligence (+2).
   It insulates you from electricity.
   It lets you see invisible.
Jewellery
 g - a ring of protection from magic (left hand)
 w - an amulet of the gourmand (around neck)
Wands
 y - a wand of random effects (25/48)
Scrolls
 d - 2 scrolls of teleportation {unknown}
 e - 2 scrolls of identify
 i - a scroll of fear {unknown}
 j - a scroll of blinking
 l - 2 scrolls of fog {unknown}
 n - a scroll of noise {unknown}
 o - 3 scrolls of remove curse
 r - a scroll of magic mapping {unknown}
 v - a scroll of amnesia {unknown}
Potions
 p - a potion of invisibility {unknown}
 q - a potion of brilliance {unknown}
 z - a potion of agility {unknown}
Books
 s - Vehumet's Tome of Combat Magic
   (You found it on level 4 of the Dungeon)

   Spells                             Type                      Level
   a - Magic Dart                     Conjuration                  1
Comestibles
 f - 3 bread rations
 h - a meat ration
 t - 9 fruits


   Skills:
 + Level 9.1 Fighting
 * Level 10.4 Long Blades
 - Level 3.2 Armour
 - Level 3.2 Shields
 + Level 1.0 Invocations


You had 7 spell levels left.
You knew the following spells:

 Your Spells              Type           Power        Failure   Level  Hunger
a - Magic Dart            Conj           #...         100%        1    ##.....


Dungeon Overview and Level Annotations

Branches:
Dungeon (6/15)             Temple (0/1) D:4

Altars:
Cheibriados
Fedhas
Kikubaaqudgha
Qazlal
Sif Muna
Vehumet
Xom
Zin


Message History

Beogh smites you!
* * * LOW HITPOINT WARNING * * *
The black bear closely misses you.
The black bear claws you but does no damage.
The black bear barely misses you.
You fail to use your ability.
You block the black bear's attack. The black bear claws you.
* * * LOW HITPOINT WARNING * * *
The black bear claws you but does no damage.
The orc wizard begins to cast a cantrip, but forgets the words!
The orc hits you but does no damage.
You feel very mighty all of a sudden.
The black bear bites you but does no damage.
The black bear claws you but does no damage.
The black bear claws you.
* * * LOW HITPOINT WARNING * * *
The orc priest invokes the aid of Beogh against you.
Beogh smites you!
You die...
Beogh appreciates the orc priest's killing of a heretic priest.

o......#.... .≈≈.
.o.........# .≈≈≈.
h.........# ........
.........# .........
#.......# .........
....... ......≈≈≈.
###...####......≈≈≈.
#.oho...#...........
#.o@#...#...........
###≈#≈###..# #+#...<
#.....#.....# #.#....
#.....#.....####.#....
#...#####...#.........
#... #.....#.........
#... #.....#.........
..≈ #≈###...........
...≈ #. #...........


You could see a black bear (berserk), an orc priest, an orc wizard (invisible)
and an orc.

Vanquished Creatures
  Pikel (D:4)
  The ghost of kraedy the Basher, a novice GrFi (D:5)
  An ogre (D:5)
  A centaur (D:5)
  The ghost of spiff the Sneak, an amateur HEAs (D:3)
  Blork the orc (D:5)
  A wyvern zombie (D:4)
  2 scorpions (D:4)
  A bullfrog zombie (D:9)
  2 crimson imps (D:5)
  4 hounds
  A centaur skeleton (D:6)
  A quasit (D:5)
  A gnoll shaman (D:5)
  Jessica (D:3)
  An iguana (D:5)
  A bullfrog skeleton (D:4)
  2 worker ants (D:4)
  2 hound skeletons
  10 gnolls
  4 adders
  3 shadow imps
  2 adder zombies
  3 adder skeletons
  4 worms
  2 dart slugs
  8 leopard geckos
  10 orcs
  4 ball pythons
  7 giant cockroaches
  4 goblins
  4 hobgoblins
  5 jackals
  A quokka (D:1)
  7 bats
  11 frilled lizards
  A jackal skeleton (D:5)
  A jackal zombie (D:5)
  9 kobolds
  A leopard gecko skeleton (D:9)
  11 rats
138 creatures vanquished.

Vanquished Creatures (others)
  2 orcs (D:3)
  A giant cockroach (D:3)
3 creatures vanquished.

Grand Total: 141 creatures vanquished

Notes
Turn   | Place    | Note
-------+----------+-------------------------------------------
     0 | D:1      | Hybris the Hill Orc Fighter began the quest for the Orb.
     0 | D:1      | Reached XP level 1. HP: 19/19 MP: 1/1
    69 | D:1      | Reached XP level 2. HP: 26/27 MP: 2/2
   655 | D:1      | Reached skill level 3 in Long Blades
   758 | D:1      | Reached XP level 3. HP: 33/33 MP: 3/3
  1297 | D:2      | Found a glowing silver altar of Zin.
  1298 | D:2      | Noticed an angel
  1360 | D:2      | Found a shimmering altar of Xom.
  1401 | D:2      | Found a stormy altar of Qazlal.
  1646 | D:3      | Became a worshipper of Beogh the Brigand
  1747 | D:3      | Reached XP level 4. HP: 41/41 MP: 4/4
  1795 | D:3      | Noticed Jessica
  1798 | D:3      | Killed Jessica
  1798 | D:3      | Reached skill level 4 in Long Blades
  1969 | D:3      | Noticed spiff's ghost (amateur HEAs)
  2036 | D:3      | Killed spiff's ghost
  2036 | D:3      | Reached skill level 5 in Fighting
  2036 | D:3      | Reached skill level 5 in Long Blades
  2036 | D:3      | Reached XP level 5. HP: 41/48 MP: 5/5
  2284 | D:3      | Reached XP level 6. HP: 52/56 MP: 6/6
  2706 | D:4      | Found a snail-covered altar of Cheibriados.
  2732 | D:4      | Reached skill level 6 in Long Blades
  3133 | D:4      | Found a radiant altar of Vehumet.
  3135 | D:4      | Identified Vehumet's Tome of Combat Magic
  3141 | D:4      | Found an ancient bone altar of Kikubaaqudgha.
  3142 | D:4      | Found a deep blue altar of Sif Muna.
  3372 | D:4      | Found a staircase to the Ecumenical Temple.
  3382 | D:4      | Reached * piety under Beogh
  3478 | D:4      | Reached XP level 7. HP: 40/64 MP: 7/7
  3727 | D:4      | Noticed Pikel
  3741 | D:4      | Killed Pikel
  3741 | D:4      | Reached skill level 8 in Long Blades
  3741 | D:4      | Reached XP level 8. HP: 67/73 MP: 8/8
  3766 | D:4      | Learned a level 1 spell: Magic Dart
  3852 | D:5      | Entered Level 5 of the Dungeon
  3885 | D:5      | Noticed Blork the orc
  3907 | D:5      | Killed Blork the orc
  4320 | D:5      | Reached skill level 9 in Long Blades
  4588 | D:5      | Reached ** piety under Beogh
  4799 | D:5      | Noticed kraedy's ghost (novice GrFi)
  4827 | D:5      | Killed kraedy's ghost
  4827 | D:5      | Reached skill level 10 in Long Blades
  4827 | D:5      | Reached XP level 9. HP: 30/82 MP: 9/9
  5564 | D:6      | Found a blossoming altar of Fedhas.
  5635 | D:6      | Found a stormy altar of Qazlal.
  5686 | D:6      | You fall through a shaft for 3 floors!
  5730 | D:9      | Reached skill level 1 in Invocations
  5774 | D:9      | Killed from afar by an orc priest

Skill      XL: |  1  2  3  4  5  6  7  8  9 |
---------------+----------------------------+-----
Fighting       | 4 5 6 7 8 9 |  9.1
Long Blades    | 3 5 6 8 10 | 10.4
Invocations    | 1 |  1.0
Armour         | |  3.2
Shields        | |  3.2

Action                   |  1- 3 |  4- 6 |  7- 9 || total
-------------------------+-------+-------+-------++-------
Melee: Long sword        |   157 |   173 |   292 ||   622
Invok: Convert to Beogh  |     1 |       |       ||     1
  Use: Scroll            |     3 |       |     2 ||     5
       Potion            |     1 |     1 |     5 ||     7
  Eat: Chunk             |     3 |     3 |    14 ||    20
       Bread ration      |       |     1 |       ||     1
Armor: Scale mail        |    69 |    61 |   129 ||   259
Dodge: Dodged            |    60 |    46 |    78 ||   184
Block: Shield            |    78 |    71 |   134 ||   283
       Rpst.: Long sword |    25 |    13 |    16 ||    54
